 Dungeon Crawl Stone Soup version 0.23.2-40-g277498a001 (webtiles) character file.

Game seed: 1708619881152906458

522 Martska the Chopper (level 7, 0/61 HPs)
             Began as a Hill Orc Fighter on Oct 1, 2019.
             Was an Initiate of Okawaru.
             Succumbed to a water moccasin's poison
             ... on level 4 of the Dungeon.
             The game lasted 00:19:58 (4779 turns).

Martska the Chopper (Hill Orc Fighter)              Turns: 4779, Time: 00:19:59

Health: 0/61       AC: 13    Str: 20    XL:     7   Next: 22%
Magic:  7/7        EV:  7    Int:  8    God:    Okawaru [......]
Gold:   241        SH:  9    Dex: 11    Spells: 6/6 levels left

rFire    . . .     SeeInvis .   z - +0 war axe
rCold    . . .     Gourm    .   c - +0 shield
rNeg     . . .     Faith    .   b - +0 scale mail
rPois    .         Spirit   .   (no helmet)
rElec    .         Reflect  .   (no cloak)
rCorr    +         Harm     .   (no gloves)
MR       .....                  D - +1 pair of boots
Stlth    ..........             (no amulet)
HPRegen  0.20/turn              i - ring of resist corrosion
MPRegen  0.10/turn              m - +4 ring of protection

@: lethally poisoned (0 -> -24)
A: no striking features
a: Renounce Religion


You were on level 4 of the Dungeon.
You worshipped Okawaru.
Okawaru was noncommittal.
You were near starving.

You visited 2 branches of the dungeon, and saw 6 of its levels.

You collected 241 gold pieces.

Inventory:

Hand Weapons
 a - a +0 war axe
 e - a +0 short sword
 w - a +0 scythe
 z - a +0 war axe (weapon)
Armour
 b - a +0 scale mail (worn)
 c - a +0 shield (worn)
 x - a +2 robe of positive energy
 y - a +0 chain mail
 A - a +0 naga barding
 D - a +1 pair of boots (worn)
Jewellery
 i - a ring of resist corrosion (left hand)
 k - an uncursed ring of flight {unknown}
 m - a +4 ring of protection (right hand)
 B - a +4 ring of dexterity {unknown}
 E - an uncursed amulet of magic regeneration {unknown}
Scrolls
 j - a scroll of random uselessness {unknown}
 l - 2 scrolls of enchant armour {unknown}
 n - 2 scrolls of immolation {unknown}
 o - a scroll of enchant weapon {unknown}
 p - a scroll of blinking {unknown}
 q - a scroll of teleportation {unknown}
 r - 4 scrolls of remove curse {unknown}
 u - 3 scrolls of identify {unknown}
 C - a scroll of magic mapping {unknown}
Potions
 d - a potion of might
 g - 3 potions of mutation {unknown}
 h - 2 potions of flight {unknown}
 s - a potion of brilliance {unknown}
 t - a potion of agility {unknown}
 v - a potion of curing {unknown}
Comestibles
 f - 7 rations


   Skills:
 * Level 5.1 Fighting
 * Level 6.9 Axes
 * Level 5.0 Armour
 + Level 0.1 Stealth
 + Level 4.5 Shields


You had 6 spell levels left.
You didn't know any spells.
Your spell library was empty.

Dungeon Overview and Level Annotations

Branches:
Dungeon (5/15)             Temple (1/1) D:4

Altars:
Dithmenos
Fedhas
Kikubaaqudgha
Makhleb
Okawaru
Qazlal
Ru
Sif Muna
Uskayaw
Vehumet
Yredelemnul
Zin
Lugonu


Message History

You miss the water moccasin.
The water moccasin is moderately wounded.
You feel sick. The water moccasin bites you.
You closely miss the water moccasin.
The water moccasin is moderately wounded.
You feel sick. The water moccasin bites you!
* * * LOW HITPOINT WARNING * * *
You are more poisoned.
The water moccasin poisons you! The water moccasin barely misses you.
Okay, then.
* * * LOW HITPOINT WARNING * * *
You feel very sick.
* * * LOW HITPOINT WARNING * * *
You feel very sick. You block the water moccasin's attack.
* * * LOW HITPOINT WARNING * * *
You feel very sick.
* * * LOW HITPOINT WARNING * * *
You feel sick. The water moccasin barely misses you.
You die...

##....#
################.....#
#.#.#.#.#.#.#.#..#...#
.#.#.#.#.#.#.#.###...#
###.###.###.###.+....#
.#.#.#.#.#.#.#.#.....#
#.#.#.#.#.#.#.#..#...#
##################...#
#@#...#
############.#...#
#####.......##.S##...#
#..##.......##..##...#
#.<..........#....†..#
#............#...>...#
##'###############...#
........#...######...#
........'......#.....#


You could see a water moccasin.

Vanquished Creatures
  Sigmund (D:4)
  A jelly (D:3)
  Natasha (twice) (D:2)
  2 worker ants (D:4)
  4 gnolls (D:2)
  13 adders
  An ooze (D:3)
  A worm (D:3)
  2 dart slugs (D:1)
  A leopard gecko (D:3)
  4 giant cockroaches
  3 goblins
  10 hobgoblins
  3 jackals
  5 quokkas
  A ball python (D:1)
  8 bats
  6 frilled lizards
  8 kobolds
  9 rats
85 creatures vanquished.

Notes
Turn   | Place    | Note
-------+----------+-------------------------------------------
     0 | D:1      | Martska the Hill Orc Fighter began the quest for the Orb.
     0 | D:1      | Reached XP level 1. HP: 19/19 MP: 1/1
    62 | D:1      | Reached XP level 2. HP: 27/27 MP: 2/2
   169 | D:1      | Reached skill level 3 in Axes
   201 | D:1      | Reached XP level 3. HP: 32/33 MP: 3/3
   942 | D:2      | Reached XP level 4. HP: 32/40 MP: 4/4
   947 | D:2      | Reached skill level 4 in Axes
  1383 | D:2      | Reached XP level 5. HP: 30/47 MP: 5/5
  1946 | D:2      | Noticed Natasha
  1967 | D:2      | Killed Natasha
  2224 | D:2      | Noticed Natasha
  2241 | D:2      | Killed Natasha
  2241 | D:2      | Reached skill level 5 in Axes
  2379 | D:3      | Reached XP level 6. HP: 27/53 MP: 6/6
  2913 | D:3      | Found a stormy altar of Qazlal.
  2918 | D:3      | Found a blossoming altar of Fedhas.
  2955 | D:3      | Reached skill level 6 in Axes
  3258 | D:4      | Noticed Sigmund
  3270 | D:4      | Killed Sigmund
  3270 | D:4      | Reached XP level 7. HP: 51/60 MP: 7/7
  3488 | D:4      | Reached skill level 5 in Armour
  3816 | D:4      | Found a staircase to the Ecumenical Temple.
  3942 | D:4      | Reached skill level 5 in Fighting
  4433 | Temple   | Entered the Ecumenical Temple
  4615 | Temple   | Became a worshipper of Warmaster Okawaru
  4740 | D:5      | Entered Level 5 of the Dungeon
  4778 | D:4      | HP: 2/61 [poisoned by a water moccasin]
  4779 | D:4      | Succumbed to a water moccasin's poison

Skill      XL: |  1  2  3  4  5  6  7 |
---------------+----------------------+-----
Fighting       | 4 5 |  5.1
Axes           | 3 4 5 6 |  6.9
Armour         | 4 5 |  5.0
Shields        | 4 |  4.5
Stealth        | |  0.1

Action                   |  1- 3 |  4- 6 |  7- 9 || total
-------------------------+-------+-------+-------++-------
Melee: War axe           |    92 |   200 |    58 ||   350
  Eat: Ration            |       |     2 |       ||     2
       Chunk             |       |     1 |     3 ||     4
Armor: Scale mail        |    55 |   110 |    34 ||   199
Dodge: Dodged            |    43 |    71 |    19 ||   133
Block: Shield            |    59 |   119 |    38 ||   216
